 Dungeon Crawl Stone Soup version 0.29.1-2-gbd0b4ee654 (webtiles) character file.

Game seed: 4152962753690883360

238 Icepheonix32 the Changer (level 5, 0/39 HPs)
             Began as a Demigod Transmuter on Nov 6, 2022.
             Slain by Pargi (4 damage)
             ... on level 3 of the Dungeon.
             The game lasted 00:03:49 (2743 turns).

Icepheonix32 the Changer (Demigod Transmuter)       Turns: 2743, Time: 00:03:50

Health: 0/39       AC:  2    Str: 15    XL:     5   Next: 49%
Magic:  12/12      EV: 12    Int: 15    God:
Gold:   48         SH:  0    Dex: 14    Spells: 9/10 levels left

rFire   . . .      SeeInvis .     - Unarmed
rCold   . . .      Faith    .   (no shield)
rNeg    . . .      Spirit   .   a - +0 robe
rPois   .          Reflect  .   (helmet currently unavailable)
rElec   .          Harm     .   (no cloak)
rCorr   .          Rampage  .   (no gloves)
Will    .....                   (boots currently unavailable)
Stlth   +.........              (no amulet)
HPRegen 0.13/turn               (no ring)
MPRegen 0.13/turn               (no ring)

@: appendages
A: horns 2, talons 2, high MP 1, forlorn, divine attributes, sense surroundings
1, wild magic 1
a: End Transformation


You were on level 3 of the Dungeon.
You had temporarily grown beastly horns and talons.
You visited 1 branch of the dungeon, and saw 3 of its levels.

You collected 48 gold pieces.

Inventory:

Armour
 a - a +0 robe (worn)
 e - a +0 helmet
 g - an orb of energy
Jewellery
 b - a ring of magical power
 f - a ring of ice
Scrolls
 h - a scroll of teleportation
Potions
 i - a potion of resistance


   Skills:
 - Level 0.8 Fighting
 - Level 2.0 Dodging
 - Level 3.2 Unarmed Combat
 + Level 3.0 Spellcasting
 * Level 3.8 Transmutations
 * Level 1.8 Evocations


You had 9 spell levels left.
You knew the following spells:

 Your Spells              Type           Power      Damage    Failure   Level
a - Beastly Appendage     Tmut           34%        N/A       7%          1

Your spell library contained the following spells:

 Spells                   Type           Power      Damage    Failure   Level
 Wereblood                Tmut           17%        N/A       10%         2
 Spider Form              Tmut/Pois      10%        N/A       34%         3
 Inner Flame              Hex/Fire       2%         N/A       61%         3
 Ice Form                 Ice/Tmut       10%        N/A       73%         4
 Cause Fear               Hex            1%         N/A       93%         4
 Discord                  Hex            1%         N/A       100%        8


Dungeon Overview and Level Annotations

Branches:
Dungeon (3/15)

Annotations:
D:3 Pargi


Innate Abilities, Weirdness & Mutations

You have temporarily grown beastly horns and talons.
You have an increased reservoir of magic. (+10% MP)
You shall have no god before yourself.
Your divine heritage dramatically boosts your attributes as you level up.
You passively map a small area around you.
Your spells are a little harder to cast, but a little more powerful.


Message History

The slug dart hits you.
The frilled lizard attacks as you move away!
The frilled lizard completely misses you.
It was a potion of curing.
You feel better. The frilled lizard bites you.
Okay, then.
Okay, then.
Casting: Beastly Appendage (safe; 7% risk of failure)
Confirm with . or Enter, or press ? or * to list all spells.
You grow a pair of large bovine horns.
Your feet morph into talons.
The frilled lizard misses you.
You hit the frilled lizard.
You kill the frilled lizard!
You hit Pargi.
Pargi is lightly wounded.
Pargi bites you. Pargi claws you. Pargi closely misses you.
You closely miss Pargi.
Pargi is lightly wounded.
Pargi barely misses you. Pargi claws you. Pargi misses you.
You barely miss Pargi.
Pargi is lightly wounded.
Pargi bites you. Pargi misses you. Pargi claws you.
You hit Pargi. You claw Pargi. You headbutt Pargi.
Pargi is moderately wounded.
Pargi closely misses you. Pargi claws you.
* * * LOW HITPOINT WARNING * * *
Pargi completely misses you.
You closely miss Pargi.
Pargi is moderately wounded.
Pargi closely misses you. Pargi barely misses you. Pargi claws you.
* * * LOW HITPOINT WARNING * * *
You hit Pargi.
Pargi is moderately wounded.
Pargi bites you.
* * * LOW HITPOINT WARNING * * *
Pargi barely misses you. Pargi closely misses you.
Unknown command.
As you read the scroll labelled POIQITO GE EGGYD, it crumbles to dust.
You feel aware of your surroundings.
You sensed 1 altar.
It was a scroll of magic mapping.
Pargi barely misses you. Pargi claws you.
You die...

#######*,#**,,****,* *,*
#.....##.#.....,,*,*****,*
#######.............#,,,,,,,,,,**
..........).........#....,,,,,,,,
....................#.....,,,,,,,
........<...........#..#.####***,
.............................,**,
#######.....##.#.#...w.......,*,,
###.....######.#@#...........,*,,
...............#T#........#..,*,,
................w.T.........#,*,,
.................#..........#,*,,
.................#####.####.#,*,*
.........##.............#**,*,*,*
.##......#......####..?.#,,,,,,,,
,##...†..#...##.####,,..#,*,,,,,,
,#..................,,...,,,,,,,,


You could see Pargi and a dart slug.

Vanquished Creatures
  Sigmund (D:2)
  Robin (D:2)
  2 adders (D:3)
  A dart slug (D:1)
  3 bats
  3 endoplasms (D:1)
  3 giant cockroaches (D:1)
  8 goblins
  5 hobgoblins
  4 jackals (D:2)
  2 quokkas (D:1)
  3 ball pythons (D:1)
  4 frilled lizards
  4 kobolds
  2 rats (D:1)
46 creatures vanquished.

Notes
Turn   | Place    | Note
-------+----------+-------------------------------------------
     0 | D:1      | Icepheonix32 the Demigod Transmuter began the quest for the
                  | Orb.
     0 | D:1      | Reached XP level 1. HP: 15/15 MP: 5/5
   458 | D:1      | Reached XP level 2. HP: 22/22 MP: 4/7
  1495 | D:2      | Noticed Sigmund
  1504 | D:2      | Reached XP level 3. HP: 21/27 MP: 6/8
  1512 | D:2      | Killed Sigmund
  1513 | D:2      | Reached skill level 1 in Evocations
  1513 | D:2      | Reached XP level 4. HP: 14/34 MP: 6/11
  1513 | D:2      | Reached XP level 5. HP: 16/39 MP: 6/12
  1939 | D:2      | Noticed Robin
  1950 | D:2      | Gained mutation: You are covered in fur. (AC +1) [potion of
                  | mutation]
  1950 | D:2      | Gained mutation: You passively map a small area around you.
                  | [potion of mutation]
  1950 | D:2      | Lost mutation: You are covered in fur. (AC +1) [potion of
                  | mutation]
  1950 | D:2      | Gained mutation: Your spells are a little harder to cast,
                  | but a little more powerful. [potion of mutation]
  2395 | D:2      | Killed Robin
  2723 | D:3      | Noticed Pargi
  2743 | D:3      | Slain by Pargi

Illustrated notes

Levels and vault maps discovered:
D:1:      onia_arrival_pentagram, layout_basic, minmay_misc_feat_secret_circle
D:2:      layout_loops_ring, uniq_robin, uniq_sigmund
D:3:      layout_basic, mainiacjoe_overflow_small_starburst, uniq_pargi

Skill      XL: |  1  2  3  4  5 |
---------------+----------------+-----
Unarmed Combat | 3 |  3.2
Transmutations | 2 3 |  3.8
Dodging        | 2 |  2.0
Spellcasting   | 2 3 |  3.0
Evocations     | 1 |  1.8
Fighting       | |  0.8

Action                   |  1- 3 |  4- 6 || total
-------------------------+-------+-------++-------
Melee: Unarmed           |    77 |    42 ||   119
       Headbutt          |    10 |     9 ||    19
       Kick              |    14 |    10 ||    24
       Punch             |     1 |     2 ||     3
 Cast: Beastly Appendage |    17 |    11 ||    28
  Use: Potion            |     2 |     3 ||     5
       Scroll            |       |     3 ||     3
Armor: Robe              |     8 |     4 ||    12
       Skin              |     1 |       ||     1
Dodge: Dodged            |    39 |    32 ||    71
